 Dungeon Crawl Stone Soup version 0.21-a0-348-ga060c75 (webtiles) character file.

84 paralogiki the Skirmisher (level 4, -2/38 HPs)
             Began as a Gnoll Wanderer on Oct 6, 2017.
             Slain by Crazy Yiuf
             ... wielding a +2 quarterstaff of chaos
              (9 damage)
             ... on level 2 of the Dungeon.
             The game lasted 00:02:29 (2114 turns).

paralogiki the Skirmisher (Gnoll Wanderer)          Turns: 2114, Time: 00:02:29

Health: -2/38      AC: 10    Str: 14    XL:     4   Next: 45%
Magic:  8/8        EV:  3    Int: 16    God:
Gold:   108        SH:  0    Dex: 14    Spells: 9/9 levels left

rFire    . . .     SeeInvis .   c - +0 spear
rCold    . . .     Gourm    .   (no shield)
rNeg     . . .     Faith    .   e - +0 plate armour
rPois    .         Spirit   .   (no helmet)
rElec    .         Reflect  .   (no cloak)
rCorr    +         Harm     .   (no gloves)
MR       .....                  (no boots)
Stlth    ..........             (no amulet)
HPRegen  0.12/turn              h - ring of resist corrosion
MPRegen  0.11/turn              (no ring)

@: drained
A: distributed training, fangs 1, strong nose
a: no special abilities


You were on level 2 of the Dungeon.
You were not hungry.

You visited 1 branch of the dungeon, and saw 2 of its levels.

You collected 108 gold pieces.

Inventory:

Hand Weapons
 c - a +0 spear (weapon)
 o - a +2 dagger of venom
   (You took it off a goblin on level 2 of the Dungeon)
Armour
 e - a +0 plate armour (worn)
   (You found it on level 1 of the Dungeon)
Jewellery
 h - a ring of resist corrosion (left hand)
   (You found it on level 1 of the Dungeon)
Scrolls
 a - 2 scrolls of teleportation {unknown}
 i - a scroll of identify {unknown}
 l - a scroll of magic mapping {unknown}
Potions
 d - a potion of curing {@q1}
 g - a potion of haste {unknown}
 k - a potion of flight {unknown}
 n - a potion of brilliance {unknown}
 q - 2 potions of mutation {unknown}
Comestibles
 f - 3 bread rations {@e1}
 j - 4 chunks of flesh {@w0}
 m - a meat ration {@e2}
 p - 2 royal jellies


   Skills:
 + Level 4.6(4.1) Fighting
 + Level 1.1(0.6) Short Blades
 + Level 1.1(0.6) Long Blades
 + Level 1.1(0.6) Axes
 + Level 1.1(0.6) Maces & Flails
 + Level 4.6(4.1) Polearms
 + Level 1.1(0.6) Staves
 + Level 1.1(0.6) Slings
 + Level 1.1(0.6) Bows
 + Level 1.1(0.6) Crossbows
 + Level 2.7(2.2) Throwing
 + Level 1.1(0.6) Armour
 + Level 1.1(0.6) Dodging
 + Level 2.5(2.0) Stealth
 + Level 1.1(0.6) Shields
 + Level 1.1(0.6) Unarmed Combat
 + Level 3.0(2.4) Spellcasting
 + Level 1.1(0.6) Conjurations
 + Level 1.1(0.6) Hexes
 + Level 1.1(0.6) Charms
 + Level 1.1(0.6) Summonings
 + Level 1.1(0.6) Necromancy
 + Level 1.1(0.6) Translocations
 + Level 1.1(0.6) Transmutations
 + Level 1.1(0.6) Fire Magic
 + Level 1.1(0.6) Ice Magic
 + Level 1.1(0.6) Air Magic
 + Level 4.6(4.1) Earth Magic
 + Level 1.1(0.6) Poison Magic
 + Level 1.1(0.6) Invocations
 + Level 2.7(2.2) Evocations


You had 9 spell levels left.
You didn't know any spells.

Dungeon Overview and Level Annotations

Branches:
Dungeon (2/15)

Altars:
Dithmenos
Fedhas
Kikubaaqudgha

Annotations:
D:2 Crazy Yiuf


Innate Abilities, Weirdness & Mutations

Your experience applies equally to all skills.
You have very sharp teeth.
Your uncanny sense of smell can sniff out nearby items.


Message History

You hit the jackal.
The jackal bites you but does no damage.
You hit the jackal.
You kill the jackal!
No target in view!
You butcher the jackal corpse.
j - a chunk of flesh {@w0} You see here a jackal skeleton. x2
You now have 90 gold pieces (gained 15).
An adder comes into view.
The adder hisses angrily.
An adder comes into view.
Health restored: 38
There are monsters nearby!
There are monsters nearby!
There are monsters nearby!
The adder hisses angrily.
Found a stone staircase leading up and a stone staircase leading down.
You hit the adder. The adder bites you.
You are poisoned.
The adder poisons you!
You take 3 damage, and have 35/38 hp.
You feel sick. The adder completely misses you.
You take 1 damage, and have 34/38 hp.
You feel sick. The adder closely misses you.
You take 1 damage, and have 33/38 hp.
The adder bites you but does no damage.
You closely miss the adder. The adder bites you.
You take 3 damage, and have 31/38 hp.
You hit the adder.
You feel sick. The adder bites you but does no damage.
You take 1 damage, and have 30/38 hp.
You hit the adder.
You kill the adder!
The adder bites you but does no damage.
You hit the adder but do no damage. The adder bites you but does no damage.
Your plate armour prevents you from hitting the adder.
The adder bites you but does no damage.
You hit the adder.
You feel sick. The adder barely misses you.
You take 1 damage, and have 29/38 hp.
You hit the adder.
You kill the adder!
Your Spellcasting skill increases to level 3!
Things that are here:
an adder corpse x2
Things that are here:
an adder corpse x2
You butcher the adder corpse.
You feel sick.
You are no longer poisoned.
j - 3 chunks of flesh {@w0} (gained 2)
You see here an adder corpse.
You take 1 damage, and have 29/38 hp.
You see here an adder corpse.
You butcher the adder corpse.
j - 5 chunks of flesh {@w0} (gained 2)
You start resting.
Eating one of 5 chunks of flesh {@w0}.
You eat one of the 5 chunks of flesh {@w0}.
Health restored: 38 You now have 108 gold pieces (gained 18).
There is an open door here.
Partly explored, unopened runed door.
Partly explored, unopened runed door.
Partly explored, unopened runed door.
Partly explored, unopened runed door.
Okay, then.
You open the door.
Crazy Yiuf the Enlightened comes into view.
He is wielding a quarterstaff of chaos.
Crazy Yiuf shouts!
There is an open door here.
You hit Crazy Yiuf but do no damage. Your bite misses Crazy Yiuf.
Crazy Yiuf hits you with a quarterstaff of chaos!
You take 7 damage, and have 31/38 hp.
You closely miss Crazy Yiuf. You bite Crazy Yiuf.
Crazy Yiuf hits you but does no damage.
You feel drained.
You hit Crazy Yiuf but do no damage. Your bite misses Crazy Yiuf.
Crazy Yiuf says, "Powder!
Line verde shoe."
Crazy Yiuf hits you but does no damage.
You hit Crazy Yiuf. You hit Crazy Yiuf but do no damage.
Crazy Yiuf screams, "Two!
Orb fast song."
Crazy Yiuf hits you with a quarterstaff of chaos!
Space warps horribly around you!
* * * LOW HITPOINT WARNING * * *
You take 23 damage, and have 9/38 hp.
MASSIVE DAMAGE!!
You feel much better.
Crazy Yiuf hits you with a quarterstaff of chaos!
You feel drained.
You regained 9 hp, and now have 18/38 hp.
You hit Crazy Yiuf.
Crazy Yiuf hits you with a quarterstaff of chaos.
You take 6 damage, and have 12/38 hp.
Your plate armour prevents you from hitting Crazy Yiuf.
Crazy Yiuf barely misses you.
You hit Crazy Yiuf.
Crazy Yiuf hits you with a quarterstaff of chaos.
* * * LOW HITPOINT WARNING * * *
You are electrocuted!
You die...

##.....##.# #.# #.
##<......#.# #.# #.
#..........# #.#
#######. ##.>...#####
### #....##. ##....#
####.##. ##...# #.##.
##..# ####
#######.##. ##.#
#)..### ##..+.##.##.
#.#
#..g@.####......#.##.
#.#
#...##..#.......#....
### ####
###.#...'..###..
#######..# #.. #..#
#.. ###### #### ##..#
#.. #..#.# #..# #...#
#.< #..#.#
#..####.#.# #..
#..#.#
#.......#.###..


You could see Crazy Yiuf.

Vanquished Creatures
  2 adders (D:2)
  An ooze (D:1)
  A worm (D:2)
  3 dart slugs
  2 leopard geckos
  3 bats
  3 giant cockroaches
  3 goblins
  5 hobgoblins
  10 jackals
  A quokka (D:2)
  A ball python (D:2)
  A frilled lizard (D:1)
  8 kobolds
  5 rats
49 creatures vanquished.

Notes
Turn   | Place    | Note
-------+----------+-------------------------------------------
     0 | D:1      | paralogiki the Gnoll Wanderer began the quest for the Orb.
     0 | D:1      | paralogiki set off with: a +2 dagger, a potion of heal wounds, a +0 spear, a potion of curing {@q1}, a +0 robe, a bread ration {@e1}
     0 | D:1      | Reached XP level 1. HP: 20/20 MP: 4/4
    86 | D:1      | Reached XP level 2. HP: 20/26 MP: 5/5
   673 | D:1      | Reached XP level 3. HP: 30/31 MP: 7/7
  1358 | D:2      | Found an ancient bone altar of Kikubaaqudgha.
  1359 | D:2      | Found a shadowy altar of Dithmenos.
  1360 | D:2      | Found a blossoming altar of Fedhas.
  1474 | D:2      | Reached skill level 1 in Short Blades
  1474 | D:2      | Reached skill level 1 in Long Blades
  1474 | D:2      | Reached skill level 1 in Axes
  1474 | D:2      | Reached skill level 1 in Maces & Flails
  1474 | D:2      | Reached skill level 1 in Staves
  1474 | D:2      | Reached skill level 1 in Slings
  1474 | D:2      | Reached skill level 1 in Bows
  1474 | D:2      | Reached skill level 1 in Crossbows
  1474 | D:2      | Reached skill level 1 in Armour
  1474 | D:2      | Reached skill level 1 in Dodging
  1474 | D:2      | Reached skill level 1 in Shields
  1474 | D:2      | Reached skill level 1 in Unarmed Combat
  1474 | D:2      | Reached skill level 1 in Conjurations
  1474 | D:2      | Reached skill level 1 in Hexes
  1474 | D:2      | Reached skill level 1 in Charms
  1474 | D:2      | Reached skill level 1 in Summonings
  1474 | D:2      | Reached skill level 1 in Necromancy
  1474 | D:2      | Reached skill level 1 in Translocations
  1474 | D:2      | Reached skill level 1 in Transmutations
  1474 | D:2      | Reached skill level 1 in Fire Magic
  1474 | D:2      | Reached skill level 1 in Ice Magic
  1474 | D:2      | Reached skill level 1 in Air Magic
  1474 | D:2      | Reached skill level 1 in Poison Magic
  1474 | D:2      | Reached skill level 1 in Invocations
  1528 | D:2      | Reached XP level 4. HP: 35/38 MP: 8/8
  1714 | D:2      | Found a runed door.
  1930 | D:2      | Reached skill level 3 in Spellcasting
  2104 | D:2      | Noticed Crazy Yiuf
  2110 | D:2      | HP: 9/38 [Crazy Yiuf/quarterstaff of chaos (15)]
  2114 | D:2      | Slain by Crazy Yiuf

Vault maps used:
D:1:      minmay_arrival_split_and_join
D:2:      gammafunk_temple_overflow_forgotten, minmay_cupped,
          uniq_crazy_yiuf_cottage

Skill      XL: |  1  2  3  4 |
---------------+-------------+-----
Short Blades   | 1 |  1.1
Long Blades    | 1 |  1.1
Axes           | 1 |  1.1
Maces & Flails | 1 |  1.1
Staves         | 1 |  1.1
Slings         | 1 |  1.1
Bows           | 1 |  1.1
Crossbows      | 1 |  1.1
Armour         | 1 |  1.1
Dodging        | 1 |  1.1
Shields        | 1 |  1.1
Unarmed Combat | 1 |  1.1
Conjurations   | 1 |  1.1
Hexes          | 1 |  1.1
Charms         | 1 |  1.1
Summonings     | 1 |  1.1
Necromancy     | 1 |  1.1
Translocations | 1 |  1.1
Transmutations | 1 |  1.1
Fire Magic     | 1 |  1.1
Ice Magic      | 1 |  1.1
Air Magic      | 1 |  1.1
Poison Magic   | 1 |  1.1
Invocations    | 1 |  1.1
Spellcasting   | 3 |  3.0
Fighting       | |  4.6
Polearms       | |  4.6
Throwing       | |  2.7
Stealth        | |  2.5
Earth Magic    | |  4.6
Evocations     | |  2.7

Action                   |  1- 3 |  4- 6 || total
-------------------------+-------+-------++-------
Melee: Spear             |   179 |    37 ||   216
       Bite              |     9 |     1 ||    10
  Use: Potion            |       |     1 ||     1
 Stab: Sleeping          |     3 |       ||     3
  Eat: Chunk             |     2 |     2 ||     4
Armor: Plate armour      |    57 |    16 ||    73
       Leather armour    |     6 |       ||     6
       Robe              |     1 |       ||     1
Dodge: Dodged            |    29 |     9 ||    38

Table legend:
 A = Spawn XP
 B = Non-spawn XP
 C = Spawn XP percentage of total XP
 D = Spawn monster count
 E = Non-spawn monster count
 F = Spawn count percentage of total count
 G = Total turns spent on level
                    A         B        C        D         E        F      G
               +---------+---------+-------+---------+---------+-------+---------
         Total |       0 |     120 |   0.0 |       0 |      49 |   0.0 |  2114
               +---------+---------+-------+---------+---------+-------+---------
           D:1 |       0 |      58 |   0.0 |       0 |      29 |   0.0 |  1232
           D:2 |       0 |      62 |   0.0 |       0 |      20 |   0.0 |   882
               +---------+---------+-------+---------+---------+-------+---------

Vault maps used:
D:1:      minmay_arrival_split_and_join
D:2:      gammafunk_temple_overflow_forgotten, minmay_cupped,
          uniq_crazy_yiuf_cottage

Table legend:
 A = Turns spent in this place as a percentage of turns spent in the entire game.
 B = Non-inter-level travel turns spent in this place as a percentage of non-inter-level travel turns spent in the entire game.
 C = Inter-level travel turns spent in this place as a percentage of turns spent in this place.
 D = Turns resting spent in this place as a percentage of non-inter-level travel turns spent in this place.
 E = Turns spent auto-exploring this place as a percentage of non-inter-level travel turns spent in this place.
 F = Non-inter-level travel turns spent in this place divided by the number of levels of this place that you've seen.
                   A       B       C       D       E      F
               +-------+-------+-------+-------+-------+----------------------
         Total | 100.0 | 100.0 |   1.3 |  19.0 |  61.1 | 1043.0
       Dungeon | 100.0 | 100.0 |   1.3 |  19.0 |  61.1 | 1043.0
               +-------+-------+-------+-------+-------+----------------------

Table legend:
 A = Kills in this place as a percentage of kills in entire the game.
 B = Kills by you in this place as a percentage of kills by you in the entire game.
 C = Kills by friends in this place as a percentage of kills by friends in the entire game.
 D = Other kills in this place as a percentage of other kills in the entire game.
 E = Experience gained in this place as a percentage of experience gained in the entire game.
 F = Experience gained in this place divided by the number of levels of this place that you have seen.
                   A       B       C       D       E      F
               +-------+-------+-------+-------+-------+----------------------
         Total | 100.0 | 100.0 |   N/A |   N/A | 100.0 |  60.0
       Dungeon | 100.0 | 100.0 |   N/A |   N/A | 100.0 |  60.0
               +-------+-------+-------+-------+-------+----------------------
